 Dungeon Crawl Stone Soup version 0.22-a0-614-g34fbaa0 (webtiles) character file.

44 Atlas the Grave Robber (level 3, -3/24 HPs)
             Began as a Mummy Necromancer on July 12, 2018.
             Slain by a worm (5 damage)
             ... on level 2 of the Dungeon on July 14, 2018.
             The game lasted 00:02:53 (1524 turns).

Atlas the Grave Robber (Mummy Necromancer)          Turns: 1524, Time: 00:02:53

Health: -3/24      AC:  2    Str: 11    XL:     3   Next: 39%
Magic:  0/7        EV: 12    Int: 15    God:
Gold:   52         SH:  0    Dex: 12    Spells: 7/8 levels left

rFire    x . .     SeeInvis .   (no weapon)
rCold    + . .     Gourm    .   (no shield)
rNeg     + + +     Faith    .   a - +0 robe
rPois    ∞         Spirit   .   (no helmet)
rElec    .         Reflect  .   (no cloak)
rCorr    .         Harm     .   (no gloves)
MR       .....                  (no boots)
Stlth    ++........             (no amulet)
HPRegen  0.08/turn              (no ring)
MPRegen  0.10/turn              (no ring)

@: no status effects
A: no food or potions, fire vulnerability, cold resistance 1, negative energy
resistance 3, torment resistance, unbreathing
a: no special abilities


You were on level 2 of the Dungeon.
You were not hungry.

You visited 1 branch of the dungeon, and saw 2 of its levels.

You collected 52 gold pieces.

Inventory:

Armour
 a - a +0 robe (worn)
Scrolls
 b - 4 scrolls of identify {unknown}
 c - a scroll of noise {unknown}
 d - a scroll of magic mapping {unknown}
 e - a scroll of amnesia {unknown}
 f - a scroll of blinking {unknown}


   Skills:
 + Level 1.6 Dodging
 + Level 1.6 Stealth
 + Level 0.1 Unarmed Combat
 + Level 3.1 Spellcasting
 + Level 4.9 Necromancy


You had 7 spell levels left.
You knew the following spells:

 Your Spells              Type           Power        Failure   Level  Hunger
a - Pain                  Necr           ###.         2%          1    N/A

Your spell library contained the following spells:

 Spells                   Type           Power        Failure   Level  Hunger
 Animate Dead             Necr           N/A          26%         4    N/A
 Animate Skeleton         Necr           N/A          2%          1    N/A
 Vampiric Draining        Necr           ###.......   8%          3    N/A
 Regeneration             Chrm/Necr      #.........   22%         3    N/A

Dungeon Overview and Level Annotations

Branches:
Dungeon (2/15)

Altars:


Innate Abilities, Weirdness & Mutations

You do not eat or drink.
Your flesh is vulnerable to fire.
You are immune to poison.
Your flesh is cold resistant. (rC+)
You are immune to negative energy. (rN+++)
You are immune to unholy pain and torment.
You can survive without breathing.


Message History

Press: ? - help, Shift-Dir - straight line, f/p - worker ant
Aim: a worker ant (severely wounded, chance to defeat MR: 82%)
The worker ant writhes in agony!
The worker ant bites you.
* * * LOW HITPOINT WARNING * * *
The worker ant completely misses you.
Casting: Pain (safe; 2% risk of failure)
Confirm with . or Enter, or press ? or * to list all spells.
Aiming: Pain (safe; 2% risk of failure)
Press: ? - help, Shift-Dir - straight line, f/p - worker ant
Aim: a worker ant (severely wounded, chance to defeat MR: 82%)
The worker ant barely resists.
The worker ant completely misses you. The worker ant barely misses you.
You closely miss the worker ant.
The worker ant is severely wounded.
The worker ant closely misses you.
You closely miss the worker ant.
The worker ant is severely wounded.
The worker ant bites you but does no damage.
The worm bites you.
You die...

##.####.#.#
#.############## #.# #.#.#
#<.............#
#.####.#.################.#
#...##....### #.#
###.##......# #.#
#.###...#.# #.# #.# ##.##.#
#)# #.# #.##.######## #.#
#.# #.....w@a...# #.#
#.#######.######.# #.#
#.#.......# #.# #.#
#.#.####### #.# #.#
#####.#†# #.# #.# ........#
#.# #<# ......### ... #.#
####### #.# ### ##.# #.#
#..#


You could see a worm and a worker ant.

Vanquished Creatures
  2 adders (D:2)
  A leopard gecko (D:1)
  3 bats
  2 giant cockroaches (D:1)
  3 goblins (D:1)
  4 hobgoblins (D:1)
  4 jackals (D:2)
  2 frilled lizards
  A rat (D:1)
22 creatures vanquished.

Notes
Turn   | Place    | Note
-------+----------+-------------------------------------------
     0 | D:1      | Atlas the Mummy Necromancer began the quest for the Orb.
     0 | D:1      | Reached XP level 1. HP: 13/13 MP: 4/4
   157 | D:1      | Reached XP level 2. HP: 19/19 MP: 2/5
  1246 | D:2      | Reached XP level 3. HP: 12/24 MP: 0/7
  1516 | D:2      | HP: 1/24 [worker ant (2)]
  1524 | D:2      | Slain by a worm

Vault maps used:
D:1:      lemuel_arrival_hallway
D:2:      ashenzari_altar_1, minmay_pentomino_o2

Skill      XL: |  1  2 |
---------------+-------+-----
Spellcasting   | 3 |  3.1
Dodging        | |  1.6
Stealth        | |  1.6
Unarmed Combat | |  0.1
Necromancy     | |  4.9

Action                   || total
-------------------------++-------
Melee: Unarmed           ||    10
 Cast: Pain              ||    55
Armor: Robe              ||     4
Dodge: Dodged            ||    21

Table legend:
 A = Spawn XP
 B = Non-spawn XP
 C = Spawn XP percentage of total XP
 D = Spawn monster count
 E = Non-spawn monster count
 F = Spawn count percentage of total count
 G = Total turns spent on level
                    A         B        C        D         E        F      G
               +---------+---------+-------+---------+---------+-------+---------
         Total |       0 |      63 |   0.0 |       0 |      22 |   0.0 |  1524
               +---------+---------+-------+---------+---------+-------+---------
           D:1 |       0 |      27 |   0.0 |       0 |      14 |   0.0 |   793
           D:2 |       0 |      36 |   0.0 |       0 |       8 |   0.0 |   731
               +---------+---------+-------+---------+---------+-------+---------
